 Dungeon Crawl Stone Soup version 0.18-a0-739-gdae9da8 (webtiles) character file.

499 4thArraOfDagon the Chopper (level 7, 0/37 HPs)
             Began as a Vine Stalker Fighter on Dec 10, 2015.
             Was an Initiate of the Shining One.
             Succumbed to a killer bee's poison
             ... on level 9 of the Dungeon.
             The game lasted 00:06:03 (1027 turns).

4thArraOfDagon the Chopper (Vine Stalker Fighter)   Turns: 1027, Time: 00:06:03

Health: 0/37       AC: 14    Str: 18    XL:     7   Next: 16%
Magic:  9/9        EV:  3    Int: 10    God:    the Shining One [......]
Gold:   75         SH:  0    Dex: 14    Spells: 0 memorised, 6 levels left

rFire  . . .     SeeInvis .     a - +1 war axe
rCold  . . .     Clarity  .     q - +0 plate armour
rNeg   . . .     SustAt   .     c - +0 shield
rPois  .         Gourm    .     (no helmet)
rElec  .         Spirit   +     (no cloak)
rCorr  .         Dismiss  .     h - +0 pair of gloves
rMut   .         Stasis   .     (no boots)
MR     .....                    (no amulet)
Stlth  ..........               (no ring)
                                (no ring)

@: confused, lethally poisoned (0 -> -2), very slightly contaminated, invisible,
not resistant to hostile enchantments, extremely unstealthy
A: fangs 2, hooves 1, thin metallic scales 1, regeneration 2, magic shield,
antimagic bite, no device heal 3, rot immunity
a: Renounce Religion


You were on level 9 of the Dungeon.
You worshipped the Shining One.
The Shining One was noncommittal.
You were not hungry.

You visited 2 branches of the dungeon, and saw 11 of its levels.

You collected 79 gold pieces.
You donated 4 gold pieces to Zin.

Inventory:

Hand Weapons
 a - a +1 war axe (weapon)
Armour
 c - a +0 shield (worn)
 h - a +0 pair of gloves (worn)
 q - a +0 plate armour (worn)
Magical Staves
 p - an uncursed staff of poison {unknown}
Potions
 g - a potion of flight {unknown}
 i - a potion of haste
 j - a potion of poison {unknown}
 r - a potion of cancellation {unknown}
Comestibles
 e - 2 bread rations
 f - 2 meat rations
 l - 2 fruits
 o - 2 chunks of flesh


   Skills:
 + Level 4.1 Fighting
 * Level 4.5 Axes
 + Level 3.6 Armour
 - Level 2.6 Shields
 + Level 2.4 Invocations


You had 6 spell levels left.
You didn't know any spells.

Dungeon Overview and Level Annotations

Branches:
Dungeon (10/15)            Temple (1/1) D:5
   Lair: D:8-11         Orc: D:9-12

Altars:
Ashenzari
Gozag
Okawaru
Qazlal
Zin
The Shining One


Innate Abilities, Weirdness & Mutations

You have extremely sharp teeth.
You heal very quickly.
When hurt, damage is shared between your health and your magic reserves.
Your bite disrupts and absorbs the magic of your enemies.
Potions and wands cannot restore your health.
You are immune to rotting.
You have large cloven feet.
You are partially covered in thin metallic scales (AC +2).


Message History

You feel invigorated.
You feel sick.
The killer bee stings you but does no damage.
The killer bee stings you.
* * * LOW HITPOINT WARNING * * *
Unknown command.
You're too confused to move!
The killer bee stings you. The killer bee stings you.
* * * LOW HITPOINT WARNING * * *
You feel sick. The killer bee stings you!
* * * LOW HITPOINT WARNING * * *
You miss the killer bee. Your kick misses the killer bee.
Your bite misses the killer bee.
The killer bee is moderately wounded.
* * * LOW HITPOINT WARNING * * *
You feel sick. The killer bee stings you.
You are more poisoned.
The killer bee poisons you!
The killer bee stings you but does no damage. x2
Unknown command.
You die...

yy..##...#
...##...+
...##...####
#..##...<..#
#..##...##.#
#..##...# #
#.y##...#
#(.###'##
#.y# #@#
#..# #.#
#..# #y#
#..###y#
#.>.ยง..#
########


You could see 2 killer bees.

Vanquished Creatures
  A phantom (D:4)
  A giant frog (D:9)
  A killer bee (D:9)
  A scorpion (D:7)
  The ghost of cluie the Insei, a weakling DsTm (D:4)
  A giant frog skeleton (D:5)
  An orc priest (D:6)
  3 orc wizards (D:6)
  2 adders
  A gnoll (D:5)
  4 giant geckos
  4 orcs
  2 bats
  3 goblins
  6 hobgoblins
  10 jackals
  2 quokkas (D:4)
  A giant cockroach (D:4)
  2 giant newts
  2 rats
49 creatures vanquished.

Notes
Turn   | Place    | Note
--------------------------------------------------------------
     0 | D:1      | 4thArraOfDagon the Vine Stalker Fighter began the quest for the Orb.
     0 | D:1      | Reached XP level 1. HP: 11/11 MP: 2/2
    96 | D:1      | Reached XP level 2. HP: 10/16 MP: 3/3
   152 | D:3      | Found a glowing silver altar of Zin.
   152 | D:3      | Found a faded altar to an unknown god.
   198 | D:3      | Reached skill level 3 in Fighting
   198 | D:3      | Reached XP level 3. HP: 8/20 MP: 4/4
   200 | D:3      | Became a worshipper of Zin the Law-Giver
   456 | D:4      | Noticed a centaur
   496 | D:4      | meh
   496 | D:4      | lab d:4
   532 | D:5      | Entered Level 5 of the Dungeon
   548 | D:5      | Reached XP level 4. HP: 22/24 MP: 5/5
   647 | D:5      | Found a staircase to the Ecumenical Temple.
   653 | Temple   | Entered the Ecumenical Temple
   664 | Temple   | Fell from the grace of Zin
   664 | Temple   | Became a worshipper of the Shining One
   758 | D:4      | Noticed a phantom
   760 | D:4      | Noticed cluie's ghost (weakling DsTm)
   769 | D:4      | Gained mutation: You are partially covered in thin metallic scales (AC +2). [potion of mutation]
   769 | D:4      | Gained mutation: You have large cloven feet. [potion of mutation]
   785 | D:4      | Killed cluie's ghost
   785 | D:4      | Reached skill level 1 in Invocations
   785 | D:4      | Reached XP level 5. HP: 28/28 MP: 6/6
   816 | D:4      | Killed a phantom
   864 | D:6      | Gained mutation: You heal very quickly. [Vine Stalker growth]
   864 | D:6      | Reached XP level 6. HP: 33/33 MP: 8/8
   877 | D:6      | Reached skill level 4 in Axes
   966 | D:10     | Entered Level 10 of the Dungeon
   969 | D:10     | Noticed a two-headed ogre
   992 | D:9      | Reached XP level 7. HP: 31/37 MP: 7/9
  1025 | D:9      | HP: 1/37 [killer bee (1)]
  1027 | D:9      | Succumbed to a killer bee's poison

Vault maps used:
D:1:      dpeg_arrival_pond
D:2:      lemuel_blue_sif_altar, first_bread, uniq_iyjb
D:3:      overflow_temple_1_default, yredelemnul_altar_generic,
          ecumenical_altar_2, elyvilon_altar_5
D:4:      roderic_whirl, fedhas_bush_and_centaur_altar
D:5:      kennysheep_mini, temple_green, sigmund_army
D:6:      old_standard_altar
D:7:      grunt_ministairs_7, uniq_duvessa
D:8:      nicolae_ru_path_of_blood, lair_0_dummy, grunt_pizzeria, uniq_pikel
D:9:      old_standard_altar
D:10:     uniq_josephine, uniq_fannar
Temple:   nicolae_temple_god_jail

Action                   |  1- 3 |  4- 6 |  7- 9 || total
-------------------------+-------+-------+-------++-------
Melee: War axe           |    73 |    88 |    13 ||   174
  Use: Potion            |     2 |     2 |     2 ||     6
       Scroll            |     1 |     4 |     3 ||     8
 Stab: Invisible         |     1 |     1 |     2 ||     4
  Eat: Chunk             |       |     1 |       ||     1
